Construct Infanterie Kompanie
Construct Luftwaffe Kompanie
Selects Italian Coastal Battlegroup
Selects Artillery Officer
Flak 30 Anti-aircraft Gun Team
Luftwaffe Officer Quarters
Selects Obice da 210/22 Artillery Emplacement
Construct Panzer Kompanie
Selects Rapid Fortifications
Selects Designated Artillery Overwatch
Designated Artillery Overwatch
Designated Artillery Overwatch